 Dungeon Crawl Stone Soup version 0.17.0-22-g5edae84 (console) character file.

0 gw the Gusty (level 1, 0/14 HPs)
             Began as a Draconian Air Elementalist on Nov 12, 2015.
             Slain by a bat (1 damage)
             ... on level 1 of the Dungeon.
             The game lasted 00:00:18 (114 turns).

gw the Gusty (Draconian Air Elementalist)            Turns: 114, Time: 00:00:18

Health: 0/14       AC:  4    Str: 10    XL:     1   Next: 8%
Magic:  0/3        EV: 12    Int: 15    God:
Gold:   10         SH:  0    Dex: 11    Spells: 1 memorised, 3 levels left

rFire  . . .     SeeInvis .     (no weapon)
rCold  . . .     Clarity  .     (armour unavailable)
rNeg   . . .     SustAt   .     (no shield)
rPois  .         Gourm    .     (helmet restricted)
rElec  .         Spirit   .     (no cloak)
rCorr  .         Warding  .     (no gloves)
rMut   .         Stasis   .     (no boots)
MR     .....                    (no amulet)
Stlth  ++........               (no ring)
                                (no ring)

@: not resistant to hostile enchantments, unstealthy
A: unfitting armour, cold-blooded, AC +4
a: no special abilities


You were on level 1 of the Dungeon.
You were not hungry.

You visited 1 branch of the dungeon, and saw 1 of its levels.

You collected 10 gold pieces.

Inventory:

Books
 a - a book of Air

   Spells                             Type                      Level
   a - Shock                          Conjuration/Air              1
   b - Swiftness                      Charms/Air                   2
   c - Repel Missiles                 Charms/Air                   2
   d - Static Discharge               Conjuration/Air              3
   e - Lightning Bolt                 Conjuration/Air              5
Comestibles
 b - a bread ration


   Skills:
 + Level 0.2 Fighting
 + Level 1.7 Dodging
 - Level 1.7 Stealth
 * Level 2.0 Spellcasting
 - Level 1.0 Conjurations
 + Level 3.0 Air Magic


You had 3 spell levels left.
You knew the following spells:

 Your Spells              Type           Power        Failure   Level  Hunger
a - Shock                 Conj/Air       #...         12%         1    #......


Dungeon Overview and Level Annotations

Branches:
Dungeon (1/15)

Altars:


Innate Abilities, Weirdness & Mutations

Your plain brown scales are hard (AC +4).
Your body does not fit into most forms of armour.
You are cold-blooded and may be slowed by cold attacks.


Message History

You hit the hobgoblin but do no damage. The bat hits you but does no damage.
The giant cockroach bites you.
The hobgoblin hits you but does no damage.
Unknown command.
Unknown command.
Unknown command.
Attempting RANGED ATTACK TO (-1,-1) x2
Fight failed; Making a random move You hit the giant cockroach.
Your tail-slap misses the giant cockroach.
The giant cockroach is heavily wounded.
The bat hits you. The giant cockroach misses you. The bat barely misses you.
The hobgoblin closely misses you.
Unknown command.
Unknown command.
Unknown command.
Attempting RANGED ATTACK TO (-1,-1) x2
Fight failed; Making a random move The bat hits you.
You die...

##....##~~P..8..P~
######.....#~~~.....!.~
#..........#~P.8..<..8.
#...###....#~~~.......~
###.###....##~~P..8..P~
#...#.....##~~~.P.~~~
###......$.##~~~~~~~#
#..sg......#########
#..db##.............
#..#####.............
.?... ###b..........
....## #...........
.... #.......[..# ...#
............## .
###~###....... .#~
#......# #.#~ ###.[...


You could see a giant cockroach, a hobgoblin and a bat.

Table legend:
 A = Turns spent in this place as a percentage of turns spent in the entire game.
 B = Non-inter-level travel turns spent in this place as a percentage of non-inter-level travel turns spent in the entire game.
 C = Inter-level travel turns spent in this place as a percentage of turns spent in this place.
 D = Turns resting spent in this place as a percentage of non-inter-level travel turns spent in this place.
 E = Turns spent auto-exploring this place as a percentage of non-inter-level travel turns spent in this place.
 F = Non-inter-level travel turns spent in this place divided by the number of levels of this place that you've seen.
                   A       B       C       D       E      F
               +-------+-------+-------+-------+-------+----------------------
         Total | 100.0 | 100.0 |   0.0 |   0.0 |   0.8 | 364.0
       Dungeon | 100.0 | 100.0 |   0.0 |   0.0 |   0.8 | 364.0
               +-------+-------+-------+-------+-------+----------------------

Table legend:
 A = Kills in this place as a percentage of kills in entire the game.
 B = Kills by you in this place as a percentage of kills by you in the entire game.
 C = Kills by friends in this place as a percentage of kills by friends in the entire game.
 D = Other kills in this place as a percentage of other kills in the entire game.
 E = Experience gained in this place as a percentage of experience gained in the entire game.
 F = Experience gained in this place divided by the number of levels of this place that you have seen.
                   A       B       C       D       E      F
               +-------+-------+-------+-------+-------+----------------------
         Total | 100.0 | 100.0 |  -nan |  -nan | 100.0 |   1.0
       Dungeon | 100.0 | 100.0 |  -nan |  -nan | 100.0 |   1.0
               +-------+-------+-------+-------+-------+----------------------

Vanquished Creatures
  A rat (D:1)
1 creature vanquished.

Notes
Turn   | Place    | Note
--------------------------------------------------------------
     0 | D:1      | gw the Draconian Air Elementalist began the quest for the Orb.
     0 | D:1      | Reached XP level 1. HP: 14/14 MP: 3/3
   114 | D:1      | Slain by a bat

Action                   || total
-------------------------++-------
Melee: Unarmed           ||     2
 Cast: Shock             ||     7

Vault maps used:
D:1:      lightli_arrival_statuegarden, grunt_decor_cap
